[ AOE2 MATCH · #506241934 ]
UnrankedGurjaras vs Burmese
Player's team · WIN
Rival team · LOSS
[ REPLAY ANALYSIS · EXTRACTED FROM THE RECORDED GAME ]
Feudal
11:47
Castle
24:14
Imperial
—
| APM avg | 71.0 |
| APM peak | 124 |
| eAPM avg | 32.2 |
| Villagers / military | 130 / 99 |
Focus
⚔️ 51.7% · 🌾 48.3%
Archer ×82 · Skirmisher ×7 · Mangonel ×6 · Militia ×4
Feudal
9:14
Castle
23:24
Imperial
—
| APM avg | 54.3 |
| APM peak | 80 |
| eAPM avg | 23.7 |
| Villagers / military | 93 / 88 |
Focus
⚔️ 39.4% · 🌾 60.6%
Archer ×66 · Arambai ×10 · Militia ×4 · Mangonel ×4 · Scout Cavalry ×3 · Battering Ram ×1
Match map
Initial resources + every placement click. Lines = walls · curves = elevation contours. ◆ gold · ⬟ stone · ● berries · ✦ relic · ◌ wall gap
Your base· ✓ Closed at 24:14 · 48t walls · 1 gate(s)
Se7n's base· Open — opponent sealed themselves in
Smoothed initial terrain · ◌ = detected wall gap · hover for details
Inputs per minute
— Chagas - - Se7n
Build order — Chagas
First 150 of 367 actions detected
| 0:00 | Queue | Villager (Male) |
| 0:01 | Queue | Villager (Male) |
| 0:02 | Build | House |
| 0:02 | Queue | Villager (Male) |
| 0:04 | Build | House |
| 0:04 | Queue | Villager (Male) |
| 1:25 | Queue | Villager (Male) |
| 1:52 | Queue | Villager (Male) |
| 2:07 | Build | Lumber Camp |
| 2:18 | Queue | Villager (Male) |
| 2:51 | Queue | Villager (Male) |
| 3:22 | Queue | Villager (Male) |
| 3:55 | Queue | Villager (Male) |
| 4:05 | Build | House |
| 4:22 | Queue | Villager (Male) |
| 4:31 | Build | Barracks |
| 4:41 | Queue | Villager (Male) |
| 4:41 | Queue | Villager (Male) |
| 5:05 | Queue | Villager (Male) |
| 5:11 | Queue | Villager (Male) |
| 5:16 | Build | House |
| 5:35 | Queue | Militia |
| 5:35 | Queue | Militia |
| 5:41 | Build | House |
| 5:54 | Queue | Militia |
| 6:11 | Queue | Militia |
| 6:12 | Queue | Villager (Male) |
| 6:31 | Build | Palisade Wall |
| 6:40 | Queue | Villager (Male) |
| 6:54 | Build | Mill |
| 7:07 | Research | Loom |
| 7:14 | Build | Palisade Wall |
| 7:21 | Queue | Villager (Male) |
| 7:30 | Queue | Villager (Male) |
| 7:41 | Queue | Villager (Male) |
| 7:41 | Queue | Villager (Male) |
| 8:11 | Queue | Villager (Male) |
| 8:11 | Queue | Villager (Male) |
| 8:25 | Queue | Villager (Male) |
| 8:25 | Queue | Villager (Male) |
| 9:14 | Queue | Villager (Male) |
| 9:33 | Research | Feudal Age |
| 9:43 | Build | Palisade Wall |
| 9:56 | Build | Palisade Gate |
| 10:10 | Queue | Villager (Male) |
| 10:10 | Queue | Villager (Male) |
| 10:12 | Build | Palisade Wall |
| 10:13 | Build | Palisade Wall |
| 10:19 | Queue | Villager (Male) |
| 10:25 | Build | Palisade Wall |
| 10:28 | Build | Palisade Wall |
| 10:30 | Queue | Villager (Male) |
| 10:31 | Queue | Villager (Male) |
| 10:34 | Build | Palisade Wall |
| 10:40 | Build | Palisade Wall |
| 10:42 | Build | Palisade Wall |
| 10:43 | Build | Palisade Wall |
| 10:45 | Build | Lumber Camp |
| 10:51 | Queue | Villager (Male) |
| 10:58 | Build | Mill |
| 11:08 | Build | Palisade Wall |
| 11:10 | Build | House |
| 11:13 | Build | Palisade Wall |
| 11:14 | Queue | Villager (Male) |
| 11:25 | Queue | Villager (Male) |
| 11:30 | Build | Farm |
| 11:31 | Build | Farm |
| 11:33 | Queue | Villager (Male) |
| 11:47 | Age | Feudal Age |
| 11:53 | Build | House |
| 12:21 | Queue | Villager (Male) |
| 12:23 | Build | House |
| 12:25 | Build | House |
| 12:28 | Build | Palisade Wall |
| 12:34 | Build | Palisade Wall |
| 12:44 | Build | Mining Camp |
| 12:51 | Queue | Villager (Male) |
| 12:57 | Build | Palisade Wall |
| 12:58 | Build | Palisade Wall |
| 13:00 | Build | Palisade Wall |
| 13:12 | Build | Archery Range |
| 13:14 | Queue | Villager (Male) |
| 13:20 | Queue | Villager (Male) |
| 13:50 | Queue | Villager (Male) |
| 13:54 | Build | Palisade Wall |
| 13:59 | Build | Archery Range |
| 14:01 | Queue | Villager (Male) |
| 14:09 | Queue | Villager (Male) |
| 14:25 | Queue | Archer |
| 14:42 | Queue | Skirmisher |
| 14:42 | Queue | Skirmisher |
| 14:42 | Queue | Villager (Male) |
| 14:52 | Queue | Skirmisher |
| 15:12 | Queue | Villager (Male) |
| 15:12 | Queue | Villager (Male) |
| 15:13 | Queue | Archer |
| 15:13 | Queue | Archer |
| 15:23 | Queue | Skirmisher |
| 15:23 | Queue | Skirmisher |
| 15:30 | Queue | Skirmisher |
| 15:48 | Build | House |
| 15:51 | Queue | Skirmisher |
| 16:06 | Build | Palisade Wall |
| 16:32 | Queue | Archer |
| 16:46 | Queue | Archer |
| 16:47 | Queue | Archer |
| 16:49 | Build | Farm |
| 16:50 | Build | Farm |
| 16:52 | Queue | Archer |
| 16:52 | Queue | Archer |
| 16:53 | Queue | Villager (Male) |
| 16:54 | Queue | Villager (Male) |
| 17:23 | Queue | Archer |
| 17:33 | Queue | Villager (Male) |
| 17:33 | Queue | Villager (Male) |
| 17:33 | Queue | Villager (Male) |
| 17:33 | Queue | Villager (Male) |
| 17:34 | Queue | Villager (Male) |
| 17:35 | Build | Farm |
| 17:36 | Build | Farm |
| 17:37 | Build | Farm |
| 17:44 | Build | Palisade Wall |
| 17:45 | Build | Palisade Wall |
| 17:49 | Queue | Villager (Male) |
| 17:50 | Queue | Archer |
| 18:07 | Queue | Villager (Male) |
| 18:10 | Build | Blacksmith |
| 18:17 | Queue | Villager (Male) |
| 18:18 | Queue | Archer |
| 18:23 | Queue | Archer |
| 18:41 | Research | Fletching |
| 18:46 | Queue | Villager (Male) |
| 18:46 | Queue | Villager (Male) |
| 18:57 | Queue | Villager (Male) |
| 18:58 | Queue | Archer |
| 19:06 | Queue | Villager (Male) |
| 20:07 | Queue | Archer |
| 20:07 | Queue | Archer |
| 20:22 | Queue | Villager (Male) |
| 20:22 | Queue | Archer |
| 20:22 | Queue | Archer |
| 20:27 | Build | Market |
| 20:31 | Queue | Archer |
| 20:31 | Queue | Archer |
| 20:33 | Queue | Villager (Male) |
| 20:33 | Queue | Villager (Male) |
| 20:35 | Build | Farm |
| 20:38 | Build | Farm |
| 20:39 | Build | Farm |
| 20:43 | Queue | Villager (Male) |
Build order — Se7n
First 150 of 262 actions detected
| 0:02 | Queue | Villager (Male) |
| 0:02 | Queue | Villager (Male) |
| 0:02 | Queue | Villager (Male) |
| 0:03 | Build | House |
| 0:04 | Build | House |
| 0:15 | Queue | Villager (Male) |
| 1:31 | Queue | Villager (Male) |
| 1:31 | Queue | Villager (Male) |
| 2:00 | Queue | Villager (Male) |
| 2:04 | Build | Lumber Camp |
| 2:28 | Queue | Villager (Male) |
| 2:56 | Queue | Villager (Male) |
| 3:05 | Queue | Villager (Male) |
| 3:26 | Build | House |
| 3:50 | Queue | Villager (Male) |
| 3:50 | Queue | Villager (Male) |
| 4:27 | Queue | Villager (Male) |
| 5:02 | Queue | Villager (Male) |
| 5:05 | Build | Barracks |
| 5:34 | Queue | Villager (Male) |
| 5:51 | Queue | Villager (Male) |
| 6:00 | Research | Loom |
| 6:02 | Build | House |
| 7:04 | Research | Feudal Age |
| 7:04 | Research | Feudal Age |
| 7:16 | Queue | Militia |
| 7:46 | Queue | Militia |
| 8:37 | Queue | Militia |
| 9:12 | Queue | Militia |
| 9:14 | Age | Feudal Age |
| 9:18 | Queue | Villager (Male) |
| 9:21 | Build | Mining Camp |
| 9:51 | Build | Mill |
| 9:52 | Queue | Villager (Male) |
| 10:48 | Research | Man-at-Arms (upgrade) |
| 10:51 | Build | Archery Range |
| 11:10 | Queue | Villager (Male) |
| 11:37 | Queue | Villager (Male) |
| 11:38 | Build | Farm |
| 11:45 | Queue | Archer |
| 11:48 | Build | House |
| 12:15 | Queue | Villager (Male) |
| 12:18 | Build | House |
| 12:20 | Queue | Archer |
| 12:26 | Build | Farm |
| 12:51 | Queue | Villager (Male) |
| 12:53 | Queue | Archer |
| 12:57 | Build | Blacksmith |
| 13:02 | Queue | Villager (Male) |
| 13:46 | Queue | Villager (Male) |
| 13:47 | Queue | Archer |
| 14:13 | Queue | Villager (Male) |
| 14:14 | Research | Fletching |
| 14:16 | Build | House |
| 14:29 | Queue | Villager (Male) |
| 14:32 | Build | Farm |
| 14:32 | Build | Farm |
| 14:34 | Build | Farm |
| 14:56 | Queue | Archer |
| 15:02 | Queue | Villager (Male) |
| 15:17 | Build | Farm |
| 15:20 | Build | House |
| 15:21 | Build | Farm |
| 15:21 | Queue | Villager (Male) |
| 15:30 | Queue | Archer |
| 15:31 | Queue | Villager (Male) |
| 15:50 | Build | Farm |
| 16:06 | Build | Farm |
| 16:13 | Queue | Archer |
| 16:16 | Queue | Villager (Male) |
| 16:50 | Queue | Villager (Male) |
| 16:50 | Queue | Archer |
| 16:52 | Build | Farm |
| 16:54 | Build | House |
| 16:55 | Build | Farm |
| 17:25 | Queue | Villager (Male) |
| 17:28 | Build | Stable |
| 17:42 | Queue | Archer |
| 17:45 | Queue | Villager (Male) |
| 18:16 | Queue | Villager (Male) |
| 18:19 | Build | Farm |
| 18:21 | Queue | Archer |
| 18:22 | Queue | Scout Cavalry |
| 18:26 | Build | House |
| 18:36 | Queue | Scout Cavalry |
| 18:40 | Queue | Villager (Male) |
| 18:44 | Build | Market |
| 18:49 | Queue | Archer |
| 18:53 | Build | Farm |
| 19:01 | Queue | Villager (Male) |
| 19:04 | Queue | Scout Cavalry |
| 19:42 | Queue | Villager (Male) |
| 19:43 | Queue | Archer |
| 20:08 | Queue | Villager (Male) |
| 20:43 | Build | Lumber Camp |
| 20:44 | Research | Castle Age |
| 20:57 | Queue | Archer |
| 21:12 | Research | Horse Collar |
| 21:42 | Queue | Archer |
| 21:46 | Research | Padded Archer Armor |
| 22:10 | Build | Archery Range |
| 22:15 | Queue | Archer |
| 22:18 | Research | Gold Mining |
| 22:31 | Queue | Archer |
| 22:46 | Build | House |
| 23:03 | Queue | Archer |
| 23:24 | Age | Castle Age |
| 23:35 | Research | Crossbowman (upgrade) |
| 23:41 | Build | Siege Workshop |
| 23:44 | Queue | Archer |
| 23:45 | Research | Bodkin Arrow |
| 23:45 | Research | Bodkin Arrow |
| 23:46 | Queue | Villager (Male) |
| 24:00 | Queue | Archer |
| 24:05 | Queue | Archer |
| 24:10 | Queue | Villager (Male) |
| 24:27 | Queue | Archer |
| 24:29 | Queue | Mangonel |
| 24:34 | Build | House |
| 24:35 | Queue | Villager (Male) |
| 24:36 | Queue | Archer |
| 24:37 | Queue | Villager (Male) |
| 24:39 | Queue | Archer |
| 24:39 | Queue | Archer |
| 24:58 | Queue | Villager (Male) |
| 25:01 | Build | Mining Camp |
| 25:22 | Queue | Mangonel |
| 25:28 | Queue | Villager (Male) |
| 25:28 | Queue | Villager (Male) |
| 25:28 | Queue | Archer |
| 25:29 | Queue | Archer |
| 25:31 | Queue | Villager (Male) |
| 26:05 | Queue | Battering Ram |
| 26:15 | Queue | Villager (Male) |
| 26:15 | Queue | Villager (Male) |
| 26:54 | Queue | Villager (Male) |
| 26:54 | Queue | Villager (Male) |
| 26:55 | Queue | Archer |
| 27:04 | Build | House |
| 27:13 | Build | House |
| 27:15 | Build | House |
| 27:16 | Queue | Villager (Male) |
| 27:18 | Research | Wheelbarrow |
| 27:28 | Build | Market |
| 27:40 | Queue | Villager (Male) |
| 27:40 | Queue | Archer |
| 27:51 | Queue | Archer |
| 28:48 | Queue | Archer |
| 28:48 | Queue | Archer |
| 28:49 | Queue | Villager (Male) |
Match timeline
| 4:31 | Chagas · first_building Barracks |
| 5:05 | Se7n · first_building Barracks |
| 6:31 | Chagas · wall_segment Palisade Wall x9 |
| 7:14 | Chagas · wall_segment Palisade Wall x9 |
| 9:14 | Se7n · age_up feudal |
| 9:43 | Chagas · wall_segment Palisade Wall x12 |
| 10:12 | Chagas · wall_segment Palisade Wall x1 |
| 10:13 | Chagas · wall_segment Palisade Wall x1 |
| 10:25 | Chagas · wall_segment Palisade Wall x1 |
| 10:28 | Chagas · wall_segment Palisade Wall x1 |
| 10:34 | Chagas · wall_segment Palisade Wall x1 |
| 10:40 | Chagas · wall_segment Palisade Wall x1 |
| 10:42 | Chagas · wall_segment Palisade Wall x1 |
| 10:43 | Chagas · wall_segment Palisade Wall x1 |
| 10:51 | Se7n · first_building Archery Range |
| 11:08 | Chagas · wall_segment Palisade Wall x8 |
| 11:13 | Chagas · wall_segment Palisade Wall x1 |
| 11:47 | Chagas · age_up feudal |
| 12:28 | Chagas · wall_segment Palisade Wall x1 |
| 12:34 | Chagas · wall_segment Palisade Wall x1 |
| 12:57 | Chagas · wall_segment Palisade Wall x1 |
| 12:58 | Chagas · wall_segment Palisade Wall x1 |
| 13:00 | Chagas · wall_segment Palisade Wall x1 |
| 13:12 | Chagas · first_building Archery Range |
| 13:54 | Chagas · wall_segment Palisade Wall x1 |
| 16:06 | Chagas · wall_segment Palisade Wall x1 |
| 17:28 | Se7n · first_building Stable |
| 17:44 | Chagas · wall_segment Palisade Wall x1 |
| 17:45 | Chagas · wall_segment Palisade Wall x1 |
| 19:57 | Se7n · first_market_sell 100 wood |
| 20:00 | Se7n · first_market_buy 100 food |
| 21:16 | Chagas · first_market_sell 500 stone |
| 21:16 | Chagas · first_market_buy 100 food |
| 22:06 | Chagas · wall_segment Palisade Wall x1 |
| 23:24 | Se7n · age_up castle |
| 23:41 | Se7n · first_building Siege Workshop |
| 24:14 | Chagas · age_up castle |
| 24:30 | Chagas · first_building Siege Workshop |
| 25:26 | Chagas · wall_segment Palisade Wall x1 |
| 33:00 | Se7n · first_building Castle |
| 44:00 | Chagas · first_building Castle |
| 44:03 | Se7n · resign |
[ AI ANALYSIS · 1 CREDIT ]
What really happened in this match?
Wolo.gg analyzes every decision: build order, eco, micro, common mistakes by bracket. Personalized analysis on WhatsApp or Discord in 30 seconds.
Civ guide
Gurjaras
Perfil
Jugador #25079803